 Dungeon Crawl Stone Soup version 0.20.1-1-g8b1a95d (webtiles) character file.

240 ANON1729 the Conjurer (level 6, 0/32 HPs)
             Began as a Tengu Conjurer on July 25, 2017.
             Slain by an adder (1 damage)
             ... on level 4 of the Dungeon.
             The game lasted 00:15:28 (2704 turns).

ANON1729 the Conjurer (Tengu Conjurer)              Turns: 2704, Time: 00:15:29

Health: 0/32       AC:  3    Str:  5    XL:     6   Next: 8%
Magic:  0/13       EV: 15    Int: 17    God:
Gold:   188        SH:  5    Dex: 15    Spells: 6/13 levels left

rFire    . . .     SeeInvis .   (no weapon)
rCold    . . .     Gourm    .   (no shield)
rNeg     + . .     Faith    .   a - +0 robe
rPois    .         Spirit   .   (helmet restricted)
rElec    .         Reflect  +   (no cloak)
rCorr    .         Harm     .   w - +0 pair of gloves
MR       .....                  (boots unavailable)
Stlth    ++........             p - +5 amulet of reflection
Regen    0.1/turn               f - -3 ring of strength (curse)
MPRegen  0.2/turn               u - ring of positive energy

@: lethally poisoned (0 -> -10), flying quickly and evasively, quick
A: beak, talons 3, able to fly 1
a: no special abilities


You were on level 4 of the Dungeon.
You were very hungry.

You visited 1 branch of the dungeon, and saw 4 of its levels.

You collected 188 gold pieces.

Inventory:

Armour
 a - a +0 robe (worn)
 w - a +0 pair of gloves (worn)
Jewellery
 f - a cursed -3 ring of strength (left hand)
 p - a +5 amulet of reflection (around neck)
 u - a ring of positive energy (right hand)
Wands
 A - a wand of confusion (24/48)
Scrolls
 g - a scroll of immolation {unknown}
 j - 2 scrolls of teleportation {unknown}
 l - a scroll of blinking {unknown}
 m - 3 scrolls of remove curse {unknown}
 n - 3 scrolls of identify {unknown}
 r - a scroll of amnesia {unknown}
 v - a scroll of random uselessness {unknown}
 y - a scroll of enchant weapon {unknown}
Potions
 e - a potion of flight
 h - 2 potions of lignification {unknown}
 i - 3 potions of curing {unknown}
 k - a potion of degeneration {unknown}
 q - 3 potions of invisibility {unknown}
 x - a potion of magic {unknown}
 z - 2 potions of cancellation {unknown}
Books
 b - a book of Conjurations

   Spells                             Type                      Level
   a - Magic Dart                     Conjuration                  1
   b - Searing Ray                    Conjuration                  2
   c - Dazzling Spray                 Conjuration/Hexes            3
   d - Fulminant Prism                Conjuration/Hexes            4
   e - Force Lance                    Conjuration/Translocation    4
   f - Iskenderun's Mystic Blast      Conjuration                  4
Comestibles
 c - 5 bread rations
 d - 3 meat rations
 o - 2 fruits
 s - a royal jelly
 t - a chunk of flesh


   Skills:
 - Level 2.1 Dodging
 - Level 2.0 Stealth
 + Level 4.2 Spellcasting
 + Level 7.6 Conjurations


You had 6 spell levels left.
You knew the following spells:

 Your Spells              Type           Power        Failure   Level  Hunger
a - Magic Dart            Conj           ####         1%          1    None
b - Searing Ray           Conj           ####..       1%          2    ##.....
c - Fulminant Prism       Conj/Hex       ###.......   32%         4    ####...


Dungeon Overview and Level Annotations

Branches:
Dungeon (4/15)
 Temple: D:4-7

Altars:

Annotations:
D:4 Alannah's ghost, amateur GrFi


Innate Abilities, Weirdness & Mutations

You have a beak for a mouth.
You have claws for feet.
You can fly.


Message History

You feel sick. The adder bites you.
Wield which item (- for none, * to show all)? (? for menu, Esc to quit)
Okay, then.
You closely miss the adder.
The adder is almost dead.
You feel sick. The adder closely misses you.
You closely miss the adder. Your peck misses the adder.
The adder is almost dead.
You feel sick. The adder closely misses you. You block the adder's attack.
You closely miss the adder. Your peck misses the adder.
The adder is almost dead.
You feel sick. Alannah's ghost hits you!
* * * LOW HITPOINT WARNING * * *
You block the adder's attack.
It was a potion of flight.
You feel very buoyant.
You swoop lightly up into the air.
* * * LOW HITPOINT WARNING * * *
You feel sick. The adder bites you.
You die...

###########
......S@W.#
#########.##
#.........# #
#.######W.#
.###.# ##..#
# ## #....#
#...# .....
#..#.# #...#
..##.###..#.#
#...#
....#...#.#.#
##..#


You could see Alannah's ghost (confused) and an adder.

Vanquished Creatures
  A crimson imp (D:4)
  2 hounds (D:4)
  An iguana (D:4)
  5 adders
  2 worms
  A dart slug (D:1)
  3 leopard geckos (D:3)
  4 orcs (D:4)
  2 bats
  5 giant cockroaches
  5 goblins
  10 hobgoblins
  6 jackals (D:3)
  5 kobolds
  2 quokkas
  2 ball pythons
  2 frilled lizards
  3 rats
61 creatures vanquished.

Vanquished Creatures (others)
  2 fulminant prisms (D:4)
2 creatures vanquished.

Grand Total: 63 creatures vanquished

Notes
Turn   | Place    | Note
-------+----------+-------------------------------------------
     0 | D:1      | ANON1729 the Tengu Conjurer began the quest for the Orb.
     0 | D:1      | Reached XP level 1. HP: 10/10 MP: 4/4
   136 | D:1      | Reached XP level 2. HP: 15/15 MP: 0/6
   217 | D:1      | Learned a level 2 spell: Searing Ray
   738 | D:2      | Reached skill level 6 in Conjurations
   738 | D:2      | Reached XP level 3. HP: 9/19 MP: 0/7
  1431 | D:3      | Reached XP level 4. HP: 22/24 MP: 0/9
  1450 | D:3      | Learned a level 4 spell: Fulminant Prism
  2353 | D:4      | Gained mutation: You can fly. [Tengu growth]
  2353 | D:4      | Reached XP level 5. HP: 28/28 MP: 7/11
  2430 | D:4      | Reached skill level 7 in Conjurations
  2574 | D:4      | Reached XP level 6. HP: 32/32 MP: 1/13
  2637 | D:4      | Noticed Alannah's ghost (amateur GrFi)
  2704 | D:4      | HP: 1/32 [poisoned by an adder]
  2704 | D:4      | Slain by an adder

Skill      XL: |  1  2  3  4  5 |
---------------+----------------+-----
Conjurations   | 6 7 |  7.6
Spellcasting   | 3 4 |  4.2
Dodging        | |  2.1
Stealth        | |  2.0

Action                   |  1- 3 |  4- 6 || total
-------------------------+-------+-------++-------
Melee: Unarmed           |    10 |    12 ||    22
       Kick              |     5 |     1 ||     6
       Peck              |     1 |     2 ||     3
 Cast: Magic Dart        |    62 |    51 ||   113
       Searing Ray       |     1 |    11 ||    12
       Fulminant Prism   |       |     2 ||     2
Evoke: Wand              |       |     1 ||     1
  Use: Potion            |       |     1 ||     1
  Eat: Chunk             |     2 |     4 ||     6
Armor: Robe              |     3 |     3 ||     6
Dodge: Dodged            |    12 |    18 ||    30
Block: Other             |       |     5 ||     5
